cohdb
Replays
Latest Replays
All Replays
Popular Replays
Top Player Replays
Match Explorer
How It Works
Community
CoH3 Stats
Reddit
Sign in to upload your games and track your stats! →
Sign in with Steam
Match 41185598
Unlisted
Match 41185598
Overview
Messages
Build Orders
End
Construct Infanterie Kompanie
Selects Italian Coastal Battlegroup
Selects Coastal Reserves
Coastal Reserve
MG 42 Machine Gun Team
Coastal Reserve
Coastal Reserve
Construct Luftwaffe Kompanie
Jäger Squad
Medical Station
Selects Support Bunkers
Support Elements
MG 42 Bunker
Wirbelwind Flakpanzer
Selects Artillery Officer
Construct Panzergrenadier Kompanie
Medical Bunker
StuG III G Assault Gun
Side Skirts
StuG III G Assault Gun
Selects Obice da 210/22 Artillery Emplacement
Selects Designated Artillery Overwatch
StuG III G Assault Gun
Panzergrenadier Officer Quarters
StuG III G Assault Gun
Repair Bunker
StuG III G Assault Gun
StuG III G Assault Gun
Pioneer Squad
Selects Bulwark
Artillery Officer
Luftwaffe Officer Quarters
Infanterie Officer Quarters
Construct Panzer Kompanie
Coastal Reserve
Metalharl
RommelF
^3
Wittman
BurninChicken
Erdalbakkal
那么唯一
Evil_Ambusher
0
0
Comments
sign in to comment!
No comments posted yet!